 Dungeon Crawl Stone Soup version 0.20.1-1-g8b1a95d (webtiles) character file.

157 Josy the Ruffian (level 5, -7/79 HPs)
             Began as a Troll Berserker on Dec 6, 2017.
             Was a Believer of Trog.
             Mangled by Musashi's ghost (12 damage)
             ... on level 4 of the Dungeon.
             The game lasted 00:11:59 (1324 turns).

Josy the Ruffian (Troll Berserker)                  Turns: 1324, Time: 00:12:00

Health: -7/79      AC:  5    Str: 31    XL:     5   Next: 15%
Magic:  4/4        EV: 11    Int:  3    God:    Trog [**....]
Gold:   126        SH:  0    Dex:  9    Spells: 4/4 levels left

rFire    . . .     SeeInvis .   v - +0 rapier
rCold    . . .     Gourm    +   (no shield)
rNeg     . . .     Faith    .   a - +0 animal skin
rPois    .         Spirit   .   (helmet restricted)
rElec    .         Reflect  .   (no cloak)
rCorr    +         Harm     .   (gloves unavailable)
MR       .....                  (boots unavailable)
Stlth    ..........             (no amulet)
Regen    0.7/turn               y - ring of resist corrosion
MPRegen  0.1/turn               (no ring)

@: berserking (expiring), very quick
A: unfitting armour, claws 3, fast metabolism 3, gourmand, regeneration 1,
shaggy fur 1, tough skin 2
a: Berserk, Trog's Hand, Burn Spellbooks, Renounce Religion


You were on level 4 of the Dungeon.
You worshipped Trog.
Trog was pleased with you.
You were not hungry.

You visited 1 branch of the dungeon, and saw 4 of its levels.

You collected 126 gold pieces.

Inventory:

Hand Weapons
 h - a +0 whip
 m - a +0 club
 o - a +0 dagger
 v - a +0 rapier (weapon)
 x - a +0 giant club
 A - a +0 quarterstaff
Missiles
 g - 125 stones
 i - 5 tomahawks (quivered)
 z - 25 bolts
Armour
 a - a +0 animal skin (worn)
 c - a +0 ring mail
 e - a +0 pair of gloves of archery
 r - a +0 pair of gloves
 s - a +0 buckler
 u - a +0 plate armour
Jewellery
 y - a ring of resist corrosion (left claw)
Scrolls
 k - 2 scrolls of amnesia
 l - 2 scrolls of fog
Potions
 f - a potion of agility {unknown}
 j - 2 potions of heal wounds {unknown}
 q - a potion of brilliance {unknown}
 t - a potion of cancellation {unknown}
 w - a potion of mutation {unknown}
Comestibles
 b - 2 bread rations
 d - 2 meat rations
 n - 4 fruits


   Skills:
 + Level 3.0 Fighting
 + Level 1.0 Short Blades
 + Level 3.5 Dodging
 + Level 4.1 Unarmed Combat


You had 4 spell levels left.
You didn't know any spells.

Dungeon Overview and Level Annotations

Branches:
Dungeon (4/15)
 Temple: D:4-7

Altars:
Elyvilon

Annotations:
D:4 Musashi's ghost, novice MiBe


Innate Abilities, Weirdness & Mutations

You are too large for most types of armour.
You have claws for hands.
Your metabolism is lightning-fast.
You like to eat raw meat.
Your natural rate of healing is unusually fast.
You are covered in fur. (AC +1)
You have very tough skin. (AC +2)


Message History

* * * LOW HITPOINT WARNING * * *
Musashi's ghost whispers, "Death is liberation."
Musashi's ghost hits you but does no damage.
The frilled lizard closely misses you.
You hit Musashi's ghost.
Musashi's ghost is moderately damaged.
The hound barely misses you.
Musashi's ghost hits you but does no damage.
You puncture Musashi's ghost!
Musashi's ghost is severely damaged.
The hound closely misses you.
The frilled lizard bites you but does no damage.
Musashi's ghost hits you!
* * * LOW HITPOINT WARNING * * *
The hound closely misses you.
You hit Musashi's ghost.
Musashi's ghost is severely damaged.
The frilled lizard misses you. The hound barely misses you.
Musashi's ghost hits you!
You die...

.........#........
#.##.#.....###...#....#.
#.##.#.#.#.......#......
#.##.#.........#......#.
.....#.#................
#.#...................(.
#.#####.................
#+# #...........W.......
###.#.......@l......
#...........h.Z....
#..............##..
#.................
#............?.....
#.......#....#.##..
#.###...######.# # #.
#.... .. .


You could see a hound, Musashi's ghost, a frilled lizard and a jackal skeleton.

Vanquished Creatures
  An ogre (D:3)
  3 adders
  A worm (D:2)
  A dart slug (D:2)
  A leopard gecko (D:3)
  5 bats
  A giant cockroach (D:2)
  5 goblins
  3 hobgoblins
  5 jackals
  A quokka (D:3)
  3 ball pythons
  A frilled lizard (D:2)
  3 kobolds
  6 rats
40 creatures vanquished.

Notes
Turn   | Place    | Note
-------+----------+-------------------------------------------
     0 | D:1      | Josy the Troll Berserker began the quest for the Orb.
     0 | D:1      | Reached XP level 1. HP: 22/22 MP: 0/0
   299 | D:1      | Reached XP level 2. HP: 29/29 MP: 1/1
   555 | D:2      | Reached ** piety under Trog
   597 | D:2      | Reached XP level 3. HP: 36/36 MP: 2/2
   752 | D:3      | Found a white marble altar of Elyvilon.
   863 | D:3      | Noticed an ogre
   902 | D:3      | Killed an ogre
   902 | D:3      | Reached skill level 4 in Unarmed Combat
   902 | D:3      | Reached XP level 4. HP: 43/44 MP: 3/3
   902 | D:3      | Reached XP level 5. HP: 51/52 MP: 4/4
  1134 | D:3      | Reached skill level 1 in Short Blades
  1304 | D:4      | Noticed Musashi's ghost (novice MiBe)
  1324 | D:4      | Mangled by Musashi's ghost

Skill      XL: |  1  2  3  4  5 |
---------------+----------------+-----
Dodging        | 3 |  3.5
Unarmed Combat | 4 |  4.1
Fighting       | 3 |  3.0
Short Blades   | 1 |  1.0

Action                   |  1- 3 |  4- 6 || total
-------------------------+-------+-------++-------
Melee: Unarmed           |    71 |       ||    71
       Punch             |     2 |       ||     2
       Rapier            |    31 |    12 ||    43
       Giant club        |       |    25 ||    25
Invok: Berserk           |     1 |     1 ||     2
  Use: Scroll            |     4 |     1 ||     5
  Eat: Chunk             |     7 |     2 ||     9
       Bread ration      |     1 |       ||     1
       Fruit             |       |     2 ||     2
Armor: Animal skin       |    64 |    23 ||    87
Dodge: Dodged            |    81 |    38 ||   119
